AoeStats
← Low Elo Nobody

Arabia

510063421Analyzed
1v1 RM · 4d ago on Sep 29, 2026· 51m 55s· 2 players
Game mode
Random Map
Map size
Tiny (2 player)
Population
200
Speed
Normal
Resources
Standard
Victory
Conquest
Starting age
Dark Age
Ending age
Imperial Age
RankedLock teamsTeams togetherTeam positionsShared explorationLock speedFull tech treeHidden civsTurbo modeCheats
Victory
Defeat
🇫🇷 Malians · France
913
+14
🇮🇹 Romans · Italy
868
-14
worms_79
7:30 Loom
9:55 Feudal Age
10:24 Man-at-Arms
10:59 Double-Bit Axe
10:56 Horse Collar
20:40 Castle Age
21:55 Crossbowman
23:49 Gold Mining
24:35 Fletching
24:45 Padded Archer Armor
25:12 Thumb Ring
26:37 Gold Shaft Mining
27:12 Bodkin Arrow
29:50 Leather Archer Armor
30:19 Wheelbarrow
29:32 Town Watch
34:48 Ballistics
36:39 Forging
36:36 Scale Barding Armor
38:09 Bloodlines
38:01 Husbandry
42:31 Imperial Age
40:18 Hand Cart
40:20 Bow Saw
43:24 Heavy Plow
44:18 Iron Casting
44:26 Iron Casting
44:15 Chain Barding Armor
44:02 Cavalier
44:15 Heavy Camel Rider
45:53 Farimba
48:58 Chemistry
50:14 Plate Barding Armor
49:56 Arbalester
51:11 Ring Archer Armor
Low Elo Nobody
7:11 Loom
10:05 Feudal Age
11:31 Man-at-Arms
12:59 Scale Mail Armor
16:00 Forging
20:55 Wheelbarrow
20:29 Fletching
23:59 Castle Age
22:54 Double-Bit Axe
23:02 Gold Mining
24:17 Wheelbarrow
24:25 Long Swordsman
25:24 Chain Mail Armor
25:45 Iron Casting
24:52 Elite Skirmisher
28:42 Bow Saw
29:27 Bodkin Arrow
30:01 Horse Collar
34:59 Padded Archer Armor
39:58 Leather Archer Armor
44:00 Light Cavalry
44:50 Bloodlines
45:51 Pikeman
50:09 Imperial Age
48:00 Squires
Connection lost

Rejoining the realm…

Still unreachable

The connection could not be restored.

Session expired

The server has moved on; the page needs a fresh start.